 Dungeon Crawl Stone Soup version 0.23.2-33-g5129a83184 (webtiles) character file.

Game seed: 15514771700443291918

198 FishyPogo the Chiller (level 5, -5/42 HPs)
             Began as a Naga Ice Elementalist on Aug 10, 2019.
             Was an Initiate of Vehumet.
             Killed by nerve-wracking pain
             ... invoked by Grinder
              (12 damage)
             ... while paralysed by Grinder
             ... on level 3 of the Dungeon.
             The game lasted 00:21:04 (3205 turns).

FishyPogo the Chiller (Naga Ice Elementalist)       Turns: 3205, Time: 00:21:05

Health: -5/42      AC:  3    Str: 10    XL:     5   Next: 76%
Magic:  6/9        EV:  1    Int: 16    God:    Vehumet [......]
Gold:   90         SH:  0    Dex: 12    Spells: 3/10 levels left

rFire    x . .     SeeInvis +   a - +0 dagger (venom)
rCold    + . .     Gourm    .   (no shield)
rNeg     . . .     Faith    .   p - +0 leather armour
rPois    +         Spirit   .   (no helmet)
rElec    .         Reflect  .   (no cloak)
rCorr    .         Harm     .   (no gloves)
MR       .....                  (no barding)
Stlth    ++........             (no amulet)
HPRegen  0.14/turn              s - ring of see invisible (curse)
MPRegen  0.11/turn              n - ring of ice

@: paralysed, very slightly contaminated, drained, very slow
A: large, see invisible, deformed body, poison resistance, slowness 2, slow
metabolism 1, spit poison 1, AC +1
a: Spit Poison, Renounce Religion


You were on level 3 of the Dungeon.
You worshipped Vehumet.
Vehumet was noncommittal.
You were very hungry.

You visited 1 branch of the dungeon, and saw 3 of its levels.

You collected 90 gold pieces.

Inventory:

Hand Weapons
 a - a +0 dagger of venom (weapon)
 q - a +0 hunting sling of flaming
Missiles
 g - 89 stones (quivered)
 m - a throwing net
Armour
 p - a +0 leather armour (worn)
Jewellery
 k - an uncursed ring of flight
 n - a ring of ice (right hand)
 s - a cursed ring of see invisible (left hand)
Scrolls
 b - a scroll of fear {unknown}
 e - 2 scrolls of remove curse
 j - a scroll of amnesia {unknown}
 o - a scroll of identify
Potions
 d - a potion of haste {unknown}
 f - 2 potions of heal wounds {unknown}
 h - a potion of curing {unknown}
 i - a potion of lignification {unknown}
 l - a potion of brilliance {unknown}
 r - a potion of ambrosia {unknown}
Comestibles
 c - 7 rations


   Skills:
 + Level 2.5(1.6) Dodging
 - Level 4.0(3.1) Stealth
 * Level 3.1(2.3) Spellcasting
 - Level 1.0(0.2) Conjurations
 * Level 1.9(1.1) Summonings
 + Level 4.1(3.2) Ice Magic


You had 3 spell levels left.
You knew the following spells:

 Your Spells              Type           Power        Failure   Level  Hunger
a - Freeze                Ice            ###.         8%          1    #......
b - Throw Frost           Conj/Ice       ##....       21%         2    ###....
c - Summon Ice Beast      Ice/Summ       ##......     73%         4    #####..

Your spell library contained the following spells:

 Spells                   Type           Power        Failure   Level  Hunger
 Ozocubu's Armour         Chrm/Ice       ##......     38%         3    ###....
 Throw Icicle             Conj/Ice       ##......     80%         4    #####..


Dungeon Overview and Level Annotations

Branches:
Dungeon (3/15)

Altars:
Ashenzari
Dithmenos
Fedhas
Makhleb
Vehumet
Wu Jian
Xom
Yredelemnul

Annotations:
D:3 1 runed translucent door, Crazy Yiuf, Grinder


Innate Abilities, Weirdness & Mutations

You cannot wear boots.
Your serpentine skin is tough. (AC +1)
You have supernaturally acute eyesight. (SInv)
Armour fits poorly on your strangely shaped body.
Your system is resistant to poisons. (rPois)
You cover ground very slowly.
You have a slow metabolism.
You can spit poison.


Message History

Press: ? - help, Shift-Dir - straight line, f/p - Grinder
Aim: Grinder (lightly wounded)
You feel a surge of power!
Grinder completely resists.
You freeze Grinder but do no damage. Grinder hits you!
Press: ? - help, Shift-Dir - straight line, f/p - Grinder
Aim: Grinder (lightly wounded)
The splash of poison hits Grinder.
Grinder is lightly wounded.
You feel slightly more hungry. Grinder gestures at you.
You suddenly lose the ability to move!
Grinder says, "DUCK!"
Grinder hits you. Grinder hits you!
* * * LOW HITPOINT WARNING * * *
Grinder completely misses you.
You have got your breath back.
Grinder gestures at you. Pain shoots through your body!
You die...

### ## ##.# .# #..# .# #..#
.# ####### #..####.#.####
#...... #....@5b......
#.##### #..####.#..###
#...... #.......#..# #......
#.......#..#####......
#.....................
###..#.##.##.####.......
###.........##.####.......
#..........................
#...................###......


You could see Grinder and a bat.

Vanquished Creatures
  Robin (D:3)
  3 gnolls
  7 adders
  An ooze (D:3)
  A worm (D:2)
  2 dart slugs
  2 leopard geckos (D:3)
  An orc (D:3)
  2 ball pythons (D:2)
  5 giant cockroaches
  16 goblins
  13 hobgoblins
  7 kobolds
  2 quokkas
  10 bats
  4 frilled lizards
  5 rats
82 creatures vanquished.

Notes
Turn   | Place    | Note
-------+----------+-------------------------------------------
     0 | D:1      | FishyPogo the Naga Ice Elementalist began the quest for the
                  | Orb.
     0 | D:1      | Reached XP level 1. HP: 15/15 MP: 3/3
   117 | D:1      | Reached XP level 2. HP: 22/22 MP: 5/5
   398 | D:1      | Learned a level 2 spell: Throw Frost
   568 | D:1      | Reached XP level 3. HP: 28/28 MP: 1/6
   835 | D:2      | Found a burning altar of Makhleb.
   843 | D:2      | Found a radiant altar of Vehumet.
  1168 | D:2      | Reached XP level 4. HP: 32/36 MP: 5/7
  1174 | D:2      | Learned a level 4 spell: Summon Ice Beast
  1239 | D:2      | Reached skill level 1 in Summonings
  1362 | D:2      | Found a basalt altar of Yredelemnul.
  1438 | D:1      | Reached XP level 5. HP: 20/42 MP: 9/9
  1748 | D:2      | Found a blossoming altar of Fedhas.
  1970 | D:3      | Noticed Robin
  2115 | D:3      | Found a shimmering altar of Xom.
  2404 | D:3      | Killed Robin
  2861 | D:3      | Found a runed translucent door.
  2862 | D:3      | Noticed Crazy Yiuf
  3116 | D:2      | Became a worshipper of Vehumet
  3141 | D:3      | Found an ornate altar of the Wu Jian Council.
  3141 | D:3      | Found a faded altar of an unknown god.
  3147 | D:3      | Found a shadowy altar of Dithmenos.
  3149 | D:3      | Found a shattered altar of Ashenzari.
  3151 | D:3      | Found a faded altar of an unknown god.
  3194 | D:3      | Noticed Grinder
  3201 | D:3      | Paralysed by Grinder for 6 turns
  3205 | D:3      | Killed from afar by Grinder

Skill      XL: |  1  2  3  4  5 |
---------------+----------------+-----
Dodging        | 2 |  2.5
Stealth        | 4 |  4.0
Summonings     | 1 |  1.9
Ice Magic      | 4 |  4.1
Spellcasting   | 3 |  3.1
Conjurations   | |  1.0

Action                   |  1- 3 |  4- 6 || total
-------------------------+-------+-------++-------
Melee: Unarmed           |     1 |       ||     1
       Dagger            |     7 |    43 ||    50
Throw: Stone             |     2 |     1 ||     3
 Cast: Freeze            |    11 |    26 ||    37
       Throw Frost       |     7 |    10 ||    17
 Abil: Spit Poison       |    29 |    35 ||    64
  Use: Scroll            |       |     4 ||     4
 Stab: Sleeping          |     1 |     2 ||     3
  Eat: Chunk             |     3 |     7 ||    10
Armor: Robe              |     3 |     2 ||     5
       Leather armour    |       |     9 ||     9
Dodge: Dodged            |     9 |    46 ||    55
